 Dungeon Crawl Stone Soup version 0.20-a0-16-g0876c8e (webtiles) character file.

102 KristoblXynda the Chopper (level 4, -1/37 HPs)
             Began as a Minotaur Skald on Nov 3, 2016.
             Was an Initiate of Cheibriados.
             Succumbed to an orc wizard's poison
             ... on level 3 of the Dungeon.
             The game lasted 00:05:51 (2076 turns).

KristoblXynda the Chopper (Minotaur Skald)          Turns: 2076, Time: 00:05:53

Health: -1/37      AC:  6    Str: 18    XL:     4   Next: 50%
Magic:  5/5        EV: 10    Int: 11    God:    Cheibriados [......]
Gold:   169        SH:  0    Dex: 10    Spells: 2 memorised, 1 level left

rFire  . . .     SeeInvis .     a - +0 hand axe
rCold  . . .     Gourm    .     q - +0 ring mail
rNeg   . . .     Faith    .     (no shield)
rPois  .         Spirit   .     (helmet restricted)
rElec  .         Reflect  .     (no cloak)
rCorr  .         Harm     .     n - +0 pair of gloves
MR     .....                    (no boots)
Stlth  ..........               (no amulet)
                                (no ring)
                                (no ring)

@: lethally poisoned (-1 -> -51), slow
A: retaliatory headbutt, horns 2
a: Bend Time, Renounce Religion


You were on level 3 of the Dungeon.
You worshipped Cheibriados.
Cheibriados was noncommittal.
You were hungry.

You visited 1 branch of the dungeon, and saw 3 of its levels.

You collected 169 gold pieces.

Inventory:

Hand Weapons
 a - a +0 hand axe (weapon)
Missiles
 u - 2 tomahawks of returning (quivered)
Armour
 b - a +0 leather armour
 n - a +0 pair of gloves (worn)
 q - a +0 ring mail (worn)
Jewellery
 l - an uncursed ring of protection from cold {unknown}
Scrolls
 e - a scroll of enchant weapon {unknown}
 f - 3 scrolls of remove curse {unknown}
 g - 2 scrolls of fog {unknown}
 j - a scroll of amnesia {unknown}
 o - 3 scrolls of identify {unknown}
 r - a scroll of random uselessness {unknown}
 v - a scroll of teleportation {unknown}
Potions
 i - a potion of flight
 t - a potion of curing {unknown}
Books
 c - a book of Battle

   Spells                             Type                      Level
   a - Infusion                       Charms                       1
   b - Shroud of Golubria             Charms/Translocation         2
   c - Song of Slaying                Charms                       2
   d - Spectral Weapon                Hexes/Charms                 3
   e - Regeneration                   Charms/Necromancy            3
Comestibles
 d - a bread ration
 h - 3 fruits
 m - a slice of pizza
 p - a royal jelly


   Skills:
 - Level 2.4 Fighting
 + Level 3.5 Axes
 + Level 3.4 Armour
 - Level 1.1 Dodging
 - Level 1.3 Spellcasting
 + Level 2.6 Charms


You had one spell level left.
You knew the following spells:

 Your Spells              Type           Power        Failure   Level  Hunger
a - Infusion              Chrm           #...         17%         1    ##.....
b - Regeneration          Chrm/Necr      #.........   88%         3    ####...


Dungeon Overview and Level Annotations

Branches:
Dungeon (3/15)

Altars:
Cheibriados
Dithmenos
Fedhas


Innate Abilities, Weirdness & Mutations

You reflexively headbutt those who attack you in melee.
You have a pair of horns on your head.


Message History

The orc wizard closely misses you.
The orc wizard hits you but does no damage.
You are more poisoned.
You hit the orc wizard. You headbutt the orc wizard.
The orc wizard is almost dead.
You feel sick.
The orc wizard hits you but does no damage.
You are more poisoned.
The orc wizard hits you but does no damage.
You are more poisoned.
It was a potion of cancellation.
Your magical effects are unravelling.
You feel magically purged.
You float gracefully downwards.
* * * LOW HITPOINT WARNING * * *
You feel very sick. The orc wizard casts a spell at you.
The puff of flame hits you!
* * * LOW HITPOINT WARNING * * *
It was a potion of magic.
Magic courses through your body.
You die...

.##.##..... .. .
........... .#.
.##.##..... ##.#.#
.##.# .... #....#
....# ### ##..#.#
.#### bw...#.# .#
#########oo....#
.#######......##o#
......##.####.##@#
.####.##.####.##.#
#.###.##.#.......#
..).<......##.####
#.###.##.####.#
.####.##......#
......#########
#######


You could see an orc wizard, a dart slug, 2 orcs and a bat.

Vanquished Creatures
  An orc wizard (D:3)
  An adder (D:2)
  2 worms
  2 leopard geckos
  5 orcs (D:3)
  5 bats
  2 giant cockroaches
  5 hobgoblins
  7 jackals
  5 kobolds
  A quokka (D:2)
  A frilled lizard (D:2)
  5 goblins
  8 rats
50 creatures vanquished.

Notes
Turn   | Place    | Note
-------+----------+-------------------------------------------
     0 | D:1      | KristoblXynda the Minotaur Skald began the quest for the Orb.
     0 | D:1      | Reached XP level 1. HP: 18/18 MP: 1/1
   297 | D:1      | Reached XP level 2. HP: 22/25 MP: 3/3
   745 | D:1      | Found a blossoming altar of Fedhas.
  1096 | D:2      | Reached XP level 3. HP: 26/30 MP: 4/4
  1105 | D:2      | Learned a level 3 spell: Regeneration
  1202 | D:2      | Found a snail-covered altar of Cheibriados.
  1349 | D:2      | Found a shadowy altar of Dithmenos.
  1831 | D:3      | Reached XP level 4. HP: 25/37 MP: 5/5
  1906 | D:2      | Became a worshipper of Cheibriados the Contemplative
  2076 | D:3      | Succumbed to an orc wizard's poison

Vault maps used:
D:1:      dpeg_arrival_water_altar
D:2:      grunt_dithmenos_smoke_and_mirrors, cheibriados_altar_1,
          kennysheep_another_room

Skill      XL: |  1  2  3 |
---------------+----------+-----
Armour         | 2 3 |  3.4
Axes           | 3 |  3.5
Fighting       | |  2.4
Dodging        | |  1.1
Spellcasting   | |  1.3
Charms         | |  2.6

Action                   |  1- 3 |  4- 6 || total
-------------------------+-------+-------++-------
Melee: Hand axe          |    83 |    28 ||   111
       Headbutt          |     7 |     5 ||    12
  Use: Potion            |       |     4 ||     4
  Eat: Chunk             |     2 |       ||     2
       Fruit             |     1 |       ||     1
Armor: Leather armour    |    21 |       ||    21
       Ring mail         |    21 |    10 ||    31
Dodge: Dodged            |    49 |    24 ||    73
